 Dungeon Crawl Stone Soup version 0.21.1-1-g345015fe64 (webtiles) character file.

1671 destino the Martial Artist (level 9, -4/53 HPs)
             Began as an Octopode Transmuter on Feb 25, 2018.
             Slain by an ice beast (10 damage)
             ... on level 6 of the Dungeon.
             The game lasted 00:28:16 (7439 turns).

destino the Martial Artist (Octopode Transmuter)    Turns: 7439, Time: 00:28:18

Health: -4/53      AC:  1    Str:  9    XL:     9   Next: 1%
Magic:  21/21      EV: 17    Int: 25    God:
Gold:   361        SH: 12    Dex: 12    Spells: 9/12 levels left

rFire    . . .     SeeInvis +     - Unarmed
rCold    . . .     Gourm    .   j - +3 shield
rNeg     . . .     Faith    .   (helmet restricted)
rPois    +         Spirit   .   J - amulet of inaccuracy (curse)
rElec    .         Reflect  .   d - ring of see invisible
rCorr    .         Harm     .   t - +5 ring of evasion
MR       .....                  u - +6 ring of intelligence
Stlth    +++.......             x - ring of poison resistance
HPRegen  0.17/turn              r - ring of magical power
MPRegen  0.17/turn              A - ring "Venoh" {+Fly rPois}
                                (no ring)
                                (no ring)

@: no status effects
A: almost no armour, stealthy swim, amphibious, 8 rings, constrict 8, camouflage
1, gelatinous body 1
a: Evoke Flight


You were on level 6 of the Dungeon.
You were very full.

You visited 1 branch of the dungeon, and saw 6 of its levels.

You collected 361 gold pieces.

Inventory:

Hand Weapons
 g - a +3 hunting sling of freezing
Missiles
 a - 173 arrows
 e - 201 stones (quivered)
 p - 79 poisoned needles
Armour
 j - a +3 shield (worn)
Jewellery
 d - a ring of see invisible (left tentacle)
 k - an uncursed amulet of the gourmand
 r - a ring of magical power (on tentacle)
 t - a +5 ring of evasion (right tentacle)
 u - a +6 ring of intelligence (on tentacle)
 x - a ring of poison resistance (on tentacle)
 A - the ring "Venoh" (on tentacle) {+Fly rPois}
   (You found it on level 4 of the Dungeon)

   [ring of flight]

   It protects you from poison.
   It lets you fly.
 C - an uncursed ring of flight
 F - an uncursed ring of fire
 J - a cursed amulet of inaccuracy (around mantle)
Wands
 i - a wand of paralysis (4)
 v - a wand of flame (24)
Scrolls
 n - 3 scrolls of teleportation
 o - 2 scrolls of remove curse
 q - 2 scrolls of amnesia
 s - 2 scrolls of immolation
 y - 3 scrolls of identify
 E - a scroll of enchant weapon
Potions
 f - a potion of curing
 l - a potion of berserk rage {unknown}
 m - a potion of flight {unknown}
 w - 2 potions of agility
 z - a potion of resistance {unknown}
 B - 2 potions of might {unknown}
 H - a potion of haste {unknown}
Books
 b - a book of Changes

   Spells                             Type                      Level
   a - Beastly Appendage              Transmutation                1
   b - Sticks to Snakes               Transmutation                2
   c - Spider Form                    Transmutation/Poison         3
   d - Ice Form                       Ice/Transmutation            4
   e - Blade Hands                    Transmutation                5
 I - a book of Misfortune

   Spells                             Type                      Level
   a - Confusing Touch                Hexes                        1
   b - Confuse                        Hexes                        3
   c - Gell's Gravitas                Translocation                3
   d - Petrify                        Transmutation/Earth          4
   e - Metabolic Englaciation         Hexes/Ice                    5
   f - Yara's Violent Unravelling     Hexes/Transmutation          5
Comestibles
 c - 11 rations


   Skills:
 + Level 1.3 Fighting
 + Level 2.2 Dodging
 + Level 1.2 Stealth
 + Level 7.4 Shields
 * Level 8.5 Unarmed Combat
 - Level 2.0 Spellcasting
 - Level 2.0 Transmutations


You had 9 spell levels left.
You knew the following spells:

 Your Spells              Type           Power        Failure   Level  Hunger
a - Beastly Appendage     Tmut           ##....       13%         1    None
b - Sticks to Snakes      Tmut           ##......     19%         2    ##.....


Dungeon Overview and Level Annotations

Branches:
Dungeon (6/15)
 Temple: D:4-7

Altars:
Yredelemnul
The Shining One

Annotations:
D:3 Gargoyl's ghost, amateur CeAK
D:4 topfpfpflanze's ghost, amateur HOFi
D:6 exclusion: orc warrior


Innate Abilities, Weirdness & Mutations

You cannot wear most types of armour.
You are very stealthy in the water. (Stealth+)
You are amphibious.
You can wear up to eight rings at the same time.
You can use your tentacles to constrict eight enemies at once.
Your skin changes colour to match your surroundings (Stealth+).
Your rubbery body absorbs attacks. (AC +1, EV +1)


Message History

All of the chunks of flesh in your inventory have rotted away.
You closely miss the ice beast.
The ice beast is severely wounded.
You block the ice beast's attack.
You miss the ice beast.
The ice beast is severely wounded.
The ice beast hits you but does no damage.
You tentacle-slap the ice beast.
The ice beast is almost dead.
You barely miss the ice beast.
The ice beast is almost dead.
The ice beast hits you. The ice beast freezes you!
* * * LOW HITPOINT WARNING * * *
You tentacle-slap the ice beast.
Your tentacle-slap misses the ice beast.
The ice beast is almost dead.
The ice beast hits you.
* * * LOW HITPOINT WARNING * * *
The ice beast freezes you!
You die...

# ##.......####<#
#...)## # ####..###..###
#.# ###.#).
#####.....##.....###.#
##.#..
###.....#.>....###..##.#
#..#.. ....#####...####
##.##.# #.)รท.# .#####
##### #....# #.####
.....# ###### ##
.###.###################
## #............@Y......
#####################


You could see an ice beast.

Vanquished Creatures
  A sky beast (D:6)
  An ogre (D:4)
  A phantom (D:4)
  4 centaurs (D:6)
  3 bullfrogs (D:6)
  A scorpion (D:4)
  4 crimson imps
  A centaur zombie (D:6)
  2 hounds
  3 orc priests
  3 orc wizards
  8 worker ants
  A killer bee zombie (D:6)
  A hound zombie (D:6)
  3 gnolls (D:2)
  8 adders
  A shadow imp (D:6)
  An ooze (D:3)
  4 worms
  2 dart slugs
  6 leopard geckos
  22 orcs
  9 bats
  2 giant cockroaches
  7 hobgoblins
  22 jackals
  4 quokkas
  6 frilled lizards
  A giant cockroach zombie (D:6)
  2 goblins
  10 kobolds
  A quokka zombie (D:6)
  5 rats
150 creatures vanquished.

Notes
Turn   | Place    | Note
-------+----------+-------------------------------------------
     0 | D:1      | destino the Octopode Transmuter began the quest for the Orb.
     0 | D:1      | Reached XP level 1. HP: 13/13 MP: 3/3
   217 | D:1      | Reached XP level 2. HP: 18/18 MP: 5/5
   475 | D:1      | Reached skill level 1 in Shields
   575 | D:1      | Reached XP level 3. HP: 20/23 MP: 6/6
   715 | D:1      | Found a glowing golden altar of the Shining One.
  1271 | D:1      | Learned a level 2 spell: Sticks to Snakes
  1376 | D:2      | Reached skill level 4 in Unarmed Combat
  1448 | D:2      | Reached XP level 4. HP: 28/28 MP: 7/7
  2216 | D:3      | Reached XP level 5. HP: 28/33 MP: 8/8
  2562 | D:3      | Noticed Gargoyl's ghost (amateur CeAK)
  3345 | D:3      | Reached skill level 5 in Unarmed Combat
  3673 | D:3      | Reached XP level 6. HP: 37/38 MP: 9/9
  4450 | D:4      | Reached XP level 7. HP: 43/43 MP: 10/10
  4465 | D:4      | Reached skill level 6 in Unarmed Combat
  4479 | D:5      | Entered Level 5 of the Dungeon
  4851 | D:4      | Reached skill level 5 in Shields
  4873 | D:4      | Noticed topfpfpflanze's ghost (amateur HOFi)
  5369 | D:4      | Got a scintillating silver ring
  5370 | D:4      | Identified the ring "Venoh" {+Fly rPois} (You found it on level 4 of the Dungeon)
  5709 | D:5      | Found a basalt altar of Yredelemnul.
  6049 | D:5      | Reached skill level 7 in Unarmed Combat
  6080 | D:5      | Reached XP level 8. HP: 47/48 MP: 11/11
  6462 | D:6      | HP: 1/48 [centaur/arrow (12)]
  6706 | D:6      | Reached skill level 8 in Unarmed Combat
  7154 | D:6      | Reached skill level 1 in Stealth
  7202 | D:6      | Reached XP level 9. HP: 33/53 MP: 12/12
  7439 | D:6      | Slain by an ice beast

Skill      XL: |  1  2  3  4  5  6  7  8 |
---------------+-------------------------+-----
Shields        | 1 2 3 4 5 7 |  7.4
Unarmed Combat | 4 5 7 8 |  8.5
Stealth        | 1 |  1.2
Fighting       | |  1.3
Dodging        | |  2.2
Spellcasting   | |  2.0
Transmutations | |  2.0

Action                   |  1- 3 |  4- 6 |  7- 9 || total
-------------------------+-------+-------+-------++-------
Melee: Unarmed           |    73 |   179 |   267 ||   519
       Constrict         |    19 |    39 |    39 ||    97
       Tentacles         |    12 |    30 |    38 ||    80
       Punch             |       |     5 |    10 ||    15
       Kick              |       |       |     4 ||     4
 Cast: Beastly Appendage |       |       |     5 ||     5
  Use: Scroll            |       |     4 |     8 ||    12
       Potion            |       |     1 |     3 ||     4
 Stab: Sleeping          |     4 |     9 |     5 ||    18
  Eat: Chunk             |     9 |    15 |     9 ||    33
Armor: Skin              |     7 |     6 |     5 ||    18
Dodge: Dodged            |    28 |    89 |    98 ||   215
Block: Shield            |    28 |    79 |    97 ||   204
